[Event "Paris FIDE GP"]
[Site "Elancourt"]
[Date "2013.09.24"]
[Round "3"]
[White "Giri, Anish"]
[Black "Tomashevsky, Evgeny"]
[Result "1/2-1/2"]
[ECO "C88"]
[WhiteElo "2737"]
[BlackElo "2706"]
[Annotator "ChessBase Website"]
[PlyCount "48"]
[EventDate "2013.09.22"]
[EventType "tourn"]
[EventRounds "11"]
[EventCountry "FRA"]
[EventCategory "20"]
[SourceTitle "CBM 157"]
[Source "ChessBase"]
[SourceDate "2013.11.12"]
[SourceVersion "1"]
[SourceVersionDate "2013.11.12"]
[SourceQuality "1"]
[TimeControl "40/7200:20/3600:900+30"]
[WhiteClock "2:00:00"]
[BlackClock "2:00:00"]

1. e4 e5 {[%emt 0:00:09] Giri was unable to breach
Tomashevsky's Spanish set-up. The Russian has shown to be unbelievably solid
in this opening and he obtained an easy draw again today.} 2. Nf3 Nc6 3. Bb5 a6 4. Ba4 Nf6 5. O-O Be7 6. Re1 b5 7. Bb3 O-O 8. h3 Bb7 9. d3 d5 10. exd5 Nxd5 11.
Nbd2 Nf4 12. Ne4 Na5 13. Bxf4 exf4 14. d4 Nxb3 15. axb3 Qd7 $146 (15... Re8 16. Qd3 f5 17. Nc5 Bxc5 18. Rxe8+ Qxe8 19. dxc5 Qg6
20. Re1 Rf8 21. Re7 Be4 22. Qd1 c6 23. b4 Bd5 24. c3 h6 25. Kh2 Rf7 26. Rxf7
Qxf7 27. Ne5 Qe7 28. Qd4 Qg5 29. Nf3 Bxf3 30. gxf3 Qh4 31. b3 Kh7 32. c4 Kg8
33. Kg2 Qg5+ 34. Kf1 Qh5 35. Qd8+ Kh7 36. Ke2 Qf7 37. Qd4 Qe7+ 38. Kf1 g5 39.
Qd6 Qe8 40. Kg2 Kg7 41. Qc7+ Kg6 42. Qd6+ Kg7 43. h4 Qc8 44. Qe7+ Kg6 45. h5+ {
Topalov,V (2752)-Svidler,P (2749) Astana 2012 1-0 (101)}) 16. Qd3 Rad8 17. c4 Bb4 18. Nc3 bxc4 19. bxc4 Bxf3 20. Qxf3 Qxd4 21. Re4 Qd2 22. Re2 Qd4 23. Re4 Qd2 24. Re2 Qd4 1/2-1/2

[Event "EU-ch 12th"]
[Site "Aix les Bains"]
[Date "2011.04.02"]
[Round "11"]
[White "Cheparinov, Ivan"]
[Black "Beliavsky, Alexander G"]
[Result "1/2-1/2"]
[ECO "C88"]
[WhiteElo "2664"]
[BlackElo "2619"]
[Annotator "Marchand,A/Primel,D"]
[PlyCount "128"]
[EventDate "2011.03.22"]
[EventType "swiss"]
[EventRounds "11"]
[EventCountry "FRA"]
[SourceTitle "CBM 142 Extra"]
[Source "ChessBase"]
[SourceDate "2011.06.27"]
[SourceVersion "1"]
[SourceVersionDate "2011.06.27"]
[SourceQuality "1"]
[TimeControl "40/5400+30:1800+30"]

1. e4 e5 2. Nf3 Nc6 3. Bb5 a6 4. Ba4 Nf6 5. O-O Be7 6. Re1 b5 7. Bb3 O-O 8. h3
(8. c3 d5 9. exd5 Nxd5 10. Nxe5 Nxe5 11. Rxe5 c6 12. d4 (12. g3 Bd6 {Polgar,J 
(2728)-Svidler,P (2735) Corus Wijk aan Zee 2005 (1) 1-0} (12... Nf6 13. d4 Bd6
14. Re1 Bg4 15. Qd3 {Fischer,R-Spassky,B Piatigorsky-Cup 2nd 1966 (17) 1/2} (
15. f3)))) 8... Bb7 9. d3 d6 (9... d5 10. exd5 Nxd5 11. Nxe5 Nd4 12. Nc3 (12.
Bd2 ) 12... Nxb3 13. axb3 Nb4 14. Bf4 Qd4 15. Bg3 Bd6 16. Ne2 Qc5
{Gormally,D (2504)-Beliavsky,A (2606) EU Union-ch 4th 2008 (5) 1-0} (16... Qxb2
$5 {Beliavsky})) 10. a3 Na5 11. Ba2 c5 12. Nc3 Nc6 13. Bd2 Nd4 14. Nxd4 cxd4
15. Ne2 d5 16. Ng3 dxe4 17. dxe4 g6 $146 (17... Bc8 18. c3 Bc5 19. Qf3 Be6 20.
Nf5 Rc8 21. Red1 Re8 22. cxd4 Bxd4 23. Be3 Bxf5 24. Qxf5 g6 25. Qf3 Qb6 26. Rd2
Kg7 27. Bxd4 exd4 28. Re1 Qd6 29. g3 Re7 30. Qd3 Rce8 31. Qxd4 Qxd4 32. Rxd4 {
Topalov,V (2780)-Carlsen,M (2733)/Wijk aan Zee 2008/CBM 122/1/2-1/2 (56)}) 18.
c3 Bc5 $1 19. Qf3 Ne8 (19... dxc3 20. Bxc3 Qe7 21.
Rad1) 20. Rad1 (20. Bh6 Ng7) 20... Qf6 (20... Rc8) 21. cxd4 Qxf3
22. gxf3 exd4 (22... Bxd4 23. Bb4 ) 23. Bb4 Bxb4 24. axb4 Rd8 25.
Ne2 Ng7 26. Nxd4 Nh5 $1 27. h4 Nf4 28. Nb3 Bc8 (28... Nd3 $2 29.
Rxd3 $1 Rxd3 30. Nc5 ) 29. Nc5 Kg7 30. Bd5 Rfe8 31. Bc6 Rg8
32. Kh2 Kf6 (32... h6) 33. Bd7 Bxd7 34. Nxd7+ Ke7 35. Nc5 h6 36. Nxa6 g5 37.
Nc7 gxh4 38. Nd5+ Nxd5 39. exd5+ Kd6 40. Re4 Rg6 41. Rxh4 Rdg8 42. Kh3 Rf6 43.
Rd3 Rg5 44. Ra3 Kxd5 45. Rc3 Kd6 46. Rd4+ Ke7 47. f4 Rg1 48. Re3+ Re6 49. Rd5
Rb1 50. Rxb5 Rxb2 51. Kg3 Kf6 52. Rb7 h5 53. Rd3 Kg7 54. f5 Rf6 55. Rf3 (55.
Kf4 Kh6) 55... Rd6 56. Kh4 Kh6 57. Rf4 f6 58. Rb8 Rd1 59. Rh8+
Kg7 60. Rxh5 Rh1+ 61. Kg4 Rhb1 62. Rh4 Rxb4 63. Rxb4 Rxb4+ 64. f4 Rb7 1/2-1/2

[Event "Metz op 31th"]
[Site "Metz"]
[Date "2013.04.23"]
[Round "6"]
[White "Dgebuadze, Alexandre"]
[Black "Greenfeld, Alon"]
[Result "0-1"]
[ECO "C88"]
[WhiteElo "2515"]
[BlackElo "2545"]
[Annotator "Metz Alekhine/Primel,D"]
[PlyCount "46"]
[EventDate "2013.04.20"]
[EventType "swiss"]
[EventRounds "9"]
[EventCountry "FRA"]
[SourceTitle "EXT 2016"]
[Source "ChessBase"]
[SourceDate "2015.10.08"]
[SourceVersion "1"]
[SourceVersionDate "2015.10.08"]
[SourceQuality "1"]
[TimeControl "40/5400:1800+30"]
[WhiteClock "1:30:00"]
[BlackClock "1:30:00"]

1. e4 e5 2. Nf3 Nc6 3. Bb5 a6 4. Ba4 Nf6 5. O-O Be7 6. Re1 b5 7. Bb3 O-O 8. h3
Bb7 9. d3 d5 10. Nc3 $6 {[%csl Rc2][%cal Gc6a5,Ga5b3] Les Blancs veulent
éviter le dangereux gambit Marshall mais le coup Nc3 manque de souplesse et
Na5 gagne la paire de B} (10. exd5 $142 Nxd5 11. Nxe5 {Transpose sur le gambit
Marshall} (11. c3) (11. Nbd2) 11... Nd4 12. Bd2 (12. Nc3) 12... c5 13. Nc3 Nxb3
14. axb3 Nb4 15. Ne4 f5 16. Ng3 Qd5 17. Nf3 {Karjakin,S (2747)-Onischuk,A 
(2688) Khanty-Mansiysk ol (Men) 39th 2010 (4.3) 1-0}) (10. exd5 Nxd5 11. a4 Nd4
12. Nxd4 exd4 13. axb5 axb5 14. Rxa8 Bxa8 15. Na3 Bb4 16. Re5 Bd6 17. Re1 Bb4
18. Re5 Bd6 19. Re1 Bb4 {1/2-1/2 (19) Topalov,V (2774)-Caruana,F (2782) Warsaw
2013}) 10... dxe4 11. dxe4 Qxd1 12. Nxd1 $146 (12. Rxd1 Nd4 $1 $146 {
Psychologiquement, c'est un trés fort coup car les Blancs voulaient éviter
les complications du gambit Marshall et maintenant, ils doivent faire face à
un gambit inconnu!} (12... Bd6 13. Re1 Na5 14. Bg5 Nxb3 $11 {Bilic,V (2257)
-Brenjo,S (2505) BIH-chT Vogosca 2007 (6) 1/2-1/2}) 13. Nxe5 Nxb3 14. axb3 Bd6
$44 {[%csl Gb7,Gd6] Récupère le P} 15. Ng4 (15. Bf4 Nxe4 (15... b4 16. Nd5))
(15. Nd3 Nxe4) 15... Nxe4 16. f3 $6 Ng3 17. Be3 Rfe8 18. Bd2 b4 $36 {les
pièces Blanches sont mal coordonnées et la paire de B des Noirs est trés
forte} 19. Na2 (19. Na4 {Probablement un moindre mal} Ne2+ 20. Kf1 Nd4 21. Ne3
a5 (21... Bf4 $2 22. Nf5 $1) 22. Rac1) 19... Ne2+ 20. Kf1 Nd4 (20... a5 {
[%csl Ra1,Ra2] La position Blanche est déjà critique}) 21. Rac1 {Les Blancs
ne peuvent même pas profiter de l'ouverture de la colonne "a"!} a5 $40 {
[%csl Ra2] le Na2 n'a plus de cases!}) (12. Rxd1 Bd6 13. Re1 Na5 14. Bg5 Nxb3
15. axb3 Nd7 16. Rad1 Nc5 17. Nd5 f6 18. Bc1 Rfd8 19. b4 Nxe4 20. Rxe4 Bf8 21.
Nxe5 Rxd5 22. Rxd5 Bxd5 23. Rd4 Bxg2 24. Kxg2 fxe5 25. Rd7 Bd6 26. Be3 Bxb4 27.
Rxc7 e4 28. c4 bxc4 29. Rxc4 a5 30. Rxe4 {1/2-1/2 (30) Bilic,V (2257)-Brenjo,S
(2505) Vogosca 2007}) 12... Nd4 $1 {Psychologiquement, c'est un trés fort
coup car les Blancs voulaient éviter les complications du gambit Marshall et
maintenant, ils doivent faire face à un gambit inconnu!} 13. Nxe5 Nxb3 14.
axb3 Bd6 $44 15. Ng4 $6 (15. Bf4 {Il semble plus sain de tenter de terminer le
développement}) 15... Nxe4 $15 16. f3 Ng3 17. Nc3 Rfe8 18. Bd2 b4 19. Na2 $6 (19. Nd1 $142 Ne2+ 20. Kf1 Nd4 21. Nde3 f5 22. Nf2
f4 23. Nc4 Nxc2 24. Rxe8+ Rxe8 25. Rc1 Nd4 26. Nxd6 cxd6 27. Rc7 $44) 19...
Ne2+ 20. Kf1 Nd4 $40 21. Rac1 {la Ra1 ne peut même pas profiter
de l'ouverture de la colonne "a"!} a5 $19 {[%csl Ra2] le Na2 n'a plus de cases!
} 22. Rxe8+ Rxe8 23. Ne3 Ba6+ 0-1

[Event "Belgrade RAD 30"]
[Site "Belgrade"]
[Date "1977.01.15"]
[Round "1.5"]
[White "Matulovic, Milan"]
[Black "Velimirovic, Dragoljub"]
[Result "1-0"]
[ECO "C88"]
[WhiteElo "2510"]
[BlackElo "2525"]
[Annotator "Primel,D"]
[PlyCount "69"]
[EventDate "1977.01.15"]
[EventType "tourn"]
[EventRounds "13"]
[EventCountry "SRB"]
[EventCategory "9"]
[SourceTitle "EXT 2018"]
[Source "ChessBase"]
[SourceDate "2017.10.13"]
[SourceVersion "1"]
[SourceVersionDate "2017.10.13"]
[SourceQuality "1"]
[TimeControl "40/9000:16/5400:0"]

1. e4 e5 2. Nf3 Nc6 3. Bb5 a6 4. Ba4 Nf6 5. O-O Be7 6. Re1 b5 7. Bb3 O-O 8. a4
{VELIMIROVIC serait probablement très à l'aise en jouant le gambit d5} (8. c3
d5) 8... Bb7 9. d3 Na5 ({La grande ligne} 9... Re8 10. Nc3 (10. Nbd2)) 10. Ba2
d6 11. Bd2 (11. Nc3) (11. Nbd2 ) 11... c5 (11... Nc6 12.
Nc3 Na7 13. d4 $1 exd4 14. Nxd4 b4 15. Nd5 Nxd5 16. exd5 a5 17. c3
Bf6 18. Qg4 bxc3 19. Bxc3 Nc8 20. Rac1 Nb6 21. Nc6 Bxc6 22. dxc6 d5 23. Bb1 g6
24. Qf4 Bxc3 25. Rxc3 Re8 26. Rce3 Rxe3 27. Rxe3 Nc4 {1/2-1/2 (27) Keres,
P-Ivkov,B Belgrade 1956}) 12. Bxa5 $5 {L'idée de la ligne secondaire Bd2} Qxa5
13. axb5 $1 {[%cal Ga1a5,Ga2f7] L'idée cachée pour justifier de donner la
paire de B} Qb6 $6 $146 {Un sacrifice risqué} (13... Qxb5 14. Na3 Qd7 15. Nc4
Bd8 16. Bb3 Bc7 17. Qd2 Nh5 18. Ne3 g6 19. g3 Bd8 20. Rf1 Kg7 21. Qe2 Qh3 22.
Kh1 f5 23. Be6 Ra7 24. Qd1 Nf6 25. exf5 Kh8 26. Ra4 Nh5 27. Bd5 Bxd5 28. Nxd5
Rxf5 29. Ne3 Rf8 30. Ng1 Qd7 31. Qg4 Qb7+ 32. f3 Nf6 33. Qe6 Qc6 34. Rfa1 Re8
35. Qh3 d5 36. Qg2 e4 37. dxe4 dxe4 38. f4 a5 39. Nc4 Qe6 40. Re1 Rb7 41. Nh3
Bc7 42. b3 Rb5 43. Ng5 {Toennemann,W-Bierwisch,B Germany 1975 1-0}) 14. bxa6
Rxa6 15. Na3 $1 Qxb2 16. Bc4 Raa8 (16... Rxa3 17. Rb1 Qc3 18. Rxb7 $36 ) 17. Rb1 Qxa3 18. Rxb7 Ra7 19. Qb1 $14 Bd8 $6 (19... Qa5 $5 {[%csl Gb6] Un moindre mal pour éviter Qb6} 20.
Qb2 ) 20. Ng5 $36 Be7 21. Qb6 $1 Rxb7 22. Qxb7 Qb4
$6 23. Rb1 $1 $32 Qxb7 24. Rxb7 $40 {La Rf8 est immobilisée à la défense de
la faiblesse "f7"} d5 $1 25. Bb3 Bd6 (25... h6 26. Nf3 ) 26. Bxd5 Nxd5 27. exd5 h6 28. Ne4 Rd8 29. Nxd6 Rxd6 30. c4 $18 Ra6 31. Kf1 Kf8 32. Rb5 Ra2 33. Rxc5 Ke8 34. Rb5 Rd2 35. Rb3
1-0

[Event "Tata Steel-A 79th"]
[Site "Wijk aan Zee"]
[Date "2017.01.29"]
[Round "13"]
[White "Wei, Yi"]
[Black "Wojtaszek, Radoslaw"]
[Result "0-1"]
[ECO "C88"]
[WhiteElo "2706"]
[BlackElo "2750"]
[Annotator "Ramirez Alvarez,A"]
[PlyCount "140"]
[EventDate "2017.01.14"]
[EventType "tourn"]
[EventRounds "13"]
[EventCountry "NED"]
[EventCategory "21"]
[SourceTitle "CBM 177"]
[Source "ChessBase"]
[SourceDate "2017.03.16"]
[SourceVersion "1"]
[SourceVersionDate "2017.03.16"]
[SourceQuality "1"]
[TimeControl "40/6000+30:20/3000+30:900+30"]

1. e4 e5 2. Nf3 Nc6 3. Bb5 a6 4. Ba4 Nf6 5. O-O Be7 6. Re1 b5 7. Bb3 O-O 8. a4 b4 9. d4 d6 10. dxe5 dxe5 11. Nbd2 Bc5 12. Qe2 Qe7 13. h3 h6 (13... Rd8 14. Nc4 Nd4 15.
Nxd4 Rxd4 16. Be3 Rxe4 17. Qf3 Bb7 18. Na5 Rxe3 19. Qxb7 Rxe1+ 20. Rxe1 Re8 21.
Qxa6 e4 22. Nc4 e3 23. Nxe3 Ne4 24. Qc4 g6 25. Ng4 Nd2 26. Qxf7+ {1-0 (26)
Dominguez Perez,L (2739)-Aronian,L (2785) Doha 2016}) 14. a5 Rd8 15. Bc4 Nd4 16. Nxd4 Bxd4 17. Nb3 Be6 18. Nxd4 Bxc4 19. Nf5 Qe6 20. Qe3 $146 (20. Qf3 Kh7 21. b3 Bb5 22.
Qg3 Rg8 23. Qh4 Ne8 24. Bd2 Nd6 25. Qe7 Rge8 26. Qxe6 Rxe6 27. Bxb4 Nxf5 28.
exf5 Ree8 29. Rad1 Bc6 30. Rd3 Rab8 31. Rc3 Bd5 32. Ba3 Rb5 33. Rxc7 Rxa5 34.
Bd6 f6 35. c4 Bg8 36. Re3 e4 37. Rg3 Rxf5 38. Rgxg7+ Kh8 39. Rg6 Rh5 40. g4
Rxh3 41. Kg2 {1-0 (41) Caruana,F (2791)-Tomashevsky,E (2695) Dubai 2014}) 20...
Ne8 21. Qc5 Nd6 22. Qxb4 Bb5 23. Ng3 c5 24. Qc3 Rac8 25. f4 Bc6 26. f5 Qe7 27. Kh2 Nb5 28. Qf3 f6 29.
Qf2 Nd4 30. Ra3 Be8 31. Nf1 Kf8 32. Rg3 Qb7 33. Rc3 Bb5 34.
Ng3 Be8 35. Nh1 c4 36. Qh4 Qf7 37. Qf2 Ba4 38. Rd1 Qd7 39. Rf1 Qb7 40. Ng3 Nb5 41. Re3 Nd4 42. Nh5 Be8 43. Qh4 Bxh5 44. Qxh5 Qf7 45. Qh4 Nxc2 46. Rg3 Ke7 47. Rg6 Rd3 48. Qg4 Kf8 49. Qh5 Ke7 50. Qg4 Kf8 51. Qh5 Ke7 52. Rf3 Nd4 53. Rxd3 cxd3 54. Bd2 Ne2 55. Qf3 Rd8 56. Qf2 Rd4 57. Be3 Rd7 58. Bd2 Rd4 59. Be3 Kf8 60. Qe1 $2 (60. Bxd4 exd4 61. e5 Qc7 (
61... fxe5 62. Rxa6 $5 (62. Qf3 {gives White at least enough counterplay here.}
)) 62. Qf3 $1 Qxe5+ 63. g3 {and the threat of the perpetual cannot be avoided.}
) 60... Rxe4 61. Qd2 Rxe3 (61... Qd5 {was cleaner, but who is counting?}) 62.
Qxe3 Qd7 {Now White has no perpetual possibilities and the pawn on d3 is a
monster. The rook on g6, without the possibilities of breaks on f6, seems
completely stuck and out of place.} 63. Qb6 Nf4 64. Rg3 d2 65. Qb8+ Kf7 66.
Qb3+ Qd5 67. Qd1 e4 68. Qg4 g5 69. fxg6+ Kg7 70. Rc3 Qd6 {Black queens next
move.} 0-1